[Event "4NCL 2nd Div 2023-24"]
[Site "Daventry"]
[Date "2024.05.05"]
[Round "10.18"]
[White "Roe, Simon J"]
[Black "Maycock Bates, David Henry"]
[Result "0-1"]
[ECO "A14"]
[WhiteElo "2177"]
[BlackElo "2266"]
[Annotator "TA"]
[PlyCount "54"]
[EventDate "2023.11.11"]
[EventType "team-tourn"]
[EventCountry "ENG"]
[SourceTitle "playchess.com"]
[Source "ChessBase"]
[SourceQuality "1"]
[TimeControl "40/6000+30:3000+30"]

1. c4 Nf6 2. Nf3 e6 3. g3 d5 4. Bg2 Be7 5. O-O O-O 6. b3 d4 7. e3 c5 8. Ne5 {[%emt 0:02:00] Against Nc6} Nfd7 9. exd4 cxd4 {[%emt 0:00:13] The position is equal.} 10. Nxd7 Nxd7 11. d3 Nc5 12. Ba3 Qc7 13. Re1 a5 14. Bxc5 Bxc5 15. Nd2 a4 16. bxa4 Bd7 17. Qb3 Rxa4 18. Ne4 (18. Bxb7 $2 {loses.} Rb4 19. Qd1 Rxb7 $19 (19... Qxb7 $2 20. a4 $19)) 18... Be7 19. Rab1 Bc6 20. c5 {[%emt 0:07:19] [#]} (20. Qc2 $15) 20... Rfa8 $1 $17 21. Qb2 h6 22. Rec1 ({Better is} 22. h4) 22... Qe5 {[%emt 0:01:14] Black is more active.} ({Don't take} 22... Rxa2 23. Qxd4 Rd8 24. Qc4 $17) 23. f4 Qf5 24. Qf2 (24. Ra1 $17) 24... Rxa2 $19 25. Qxd4 (25. Rb2 Ra1 26. Rbc2) 25... Rd8 {[%emt 0:03:07] Black is clearly winning.} 26. Qe3 {[%emt 0:03:43] [#]} Rxg2+ 27. Kxg2 {[%emt 0:00:23] [#]} Rxd3 $3 {[%emt 0:00:03][%mdl 512] Weighted Error Value: White=0.78/Black=0.18 (very precise) .  Mistake:       	White=4     	---        Inaccurate:     	White=3     	Black=1      OK:         	White=4     	Black=9      Strong:       	---       	Black=1} 0-1

[Event "4NCL 2nd Div 2023-24"]
[Site "Daventry"]
[Date "2024.05.05"]
[Round "10.19"]
[White "Bezuidenhout, Roland"]
[Black "Bradbury, Neil H"]
[Result "1-0"]
[ECO "A06"]
[WhiteElo "2254"]
[BlackElo "2182"]
[Annotator "TA"]
[PlyCount "107"]
[EventDate "2023.11.11"]
[EventType "team-tourn"]
[EventCountry "ENG"]
[SourceTitle "playchess.com"]
[Source "ChessBase"]
[SourceQuality "1"]
[TimeControl "40/6000+30:3000+30"]

1. Nf3 Nf6 2. b3 d5 3. Bb2 c5 4. e3 Nc6 5. Bb5 Bd7 6. O-O e6 7. d4 a6 8. Bd3 Rc8 9. a3 {[%emt 0:00:35] White is slightly better.} cxd4 10. exd4 g6 11. c4 Bg7 12. Nbd2 O-O 13. Re1 Nh5 14. Bf1 Re8 15. c5 f5 16. b4 Nf6 17. Ne5 Ne4 18. Nxc6 Bxc6 19. a4 Ra8 20. Nb3 f4 21. f3 {[%emt 0:00:48][%cal Ob4b5] b5! is the strong threat.} (21. b5 $5 Bd7 22. b6 $16) 21... Ng3 22. Nc1 ({Much weaker is} 22. hxg3 fxg3 23. Qc2 (23. b5 $2 Qh4 $19) 23... Qh4 $11) (22. b5 $14 Bd7 23. b6 (23. hxg3 fxg3 24. bxa6 bxa6 $17)) 22... Nxf1 23. Kxf1 b6 24. Nd3 bxc5 25. bxc5 (25. Nxc5 Bd7 26. Qd3 Bc8 $14) 25... Rb8 26. Bc3 Qc7 27. Qc2 Bd7 28. Ne5 Bxe5 29. Rxe5 Qb7 30. Ke1 (30. Kg1 $16) 30... Qb3 $14 31. Qxb3 Rxb3 32. Kd2 Kf7 33. Kc2 Reb8 34. h4 h6 35. Ree1 Kf6 36. Ra2 g5 37. hxg5+ hxg5 38. Ba5 R3b7 39. Bb6 Rg8 (39... a5 $14) 40. Kc3 g4 41. fxg4 ({Better is} 41. Kb4 $16) 41... Rxg4 42. Rae2 Kf7 (42... a5 $5) 43. Rf2 Bxa4 44. Kb4 Bb5 {[%emt 0:00:00] [#]} (44... Bd7 {simplifies} 45. Ka5 Bb5 46. Rc1 Bc6) 45. g3 $1 Rxg3 46. Rxf4+ Ke7 47. Rh4 {[%emt 0:00:00][%mdl 1024] White has compensation.} Rg7 {[%emt 0:00:00] Repels Rh7} (47... Bd3 $11 {remains equal.}) 48. Rh6 $16 {[%emt 0:00:00] White is more active.} Bd7 (48... Kf8 {keeps fighting.} 49. Rexe6 (49. Rhxe6 Rg2 $16) 49... Rg1) 49. Ka5 $18 Bc8 $2 (49... Kf7 50. Kxa6 Rb8) 50. c6 Rb8 51. Bc5+ Kd8 {[%emt 0:00:00] [#]} 52. Bd6 $1 {[%emt 0:00:00] White mates.} Rb5+ 53. Ka4 Rg8 {[%emt 0:00:00] [#]} 54. Rg1 $3 {[%emt 0:00:00][%mdl 512] Weighted Error Value: White=0.12 (very precise) /Black=0.29 (precise) .  Mistake:       	White=3     	Black=4      Inaccurate:     	White=3     	Black=6      OK:         	White=16    	Black=12     Best:        	White=2     	Black=3} 1-0

[Event "4NCL 2nd Div 2023-24"]
[Site "Daventry"]
[Date "2024.05.05"]
[Round "10.20"]
[White "Richardson, John R"]
[Black "Harakis, Alexis M"]
[Result "1-0"]
[ECO "D35"]
[WhiteElo "2287"]
[BlackElo "2234"]
[Annotator "RC"]
[PlyCount "77"]
[EventDate "2023.11.11"]
[EventType "team-tourn"]
[EventCountry "ENG"]
[SourceTitle "playchess.com"]
[Source "ChessBase"]
[SourceQuality "1"]
[TimeControl "40/6000+30:3000+30"]

1. d4 d5 2. c4 c6 3. Nc3 Nf6 4. Nf3 e6 5. Bg5 h6 6. Bh4 Nbd7 7. e3 Be7 8. cxd5 exd5 9. Bd3 Ne4 10. Bxe7 Qxe7 11. Qc2 Nd6 12. O-O O-O 13. Rfe1 Nf6 14. Ne5 Be6 15. Na4 Rad8 16. Nc5 Bc8 17. b4 Nfe8 18. a4 Nc7 19. f3 Qf6 20. b5 cxb5 21. Nxb7 Nxb7 22. Qxc7 bxa4 23. Rxa4 a5 24. Rb1 Qg5 25. f4 Qh5 26. Raa1 f6 27. Bg6 Qe2 28. Re1 Qa6 29. Bf7+ Kh7 30. Ng6 Rxf7 31. Qxf7 Bf5 32. Ne7 Be4 33. Rac1 Qb6 34. Qh5 Qe6 35. Rc7 Nd6 36. f5 Nxf5 37. Qg6+ Kh8 38. Nxf5 Rg8 39. Rxg7 1-0

[Event "4NCL 2nd Div 2023-24"]
[Site "Daventry"]
[Date "2024.05.05"]
[Round "10.21"]
[White "Storey, Charles H"]
[Black "Snape, Ian L"]
[Result "1-0"]
[ECO "E90"]
[WhiteElo "2150"]
[BlackElo "2086"]
[Annotator "RC"]
[PlyCount "107"]
[EventDate "2023.11.11"]
[EventType "team-tourn"]
[EventCountry "ENG"]
[SourceTitle "playchess.com"]
[Source "ChessBase"]
[SourceQuality "1"]
[TimeControl "40/6000+30:3000+30"]

1. d4 c5 2. d5 g6 3. c4 d6 4. Nc3 Bg7 5. e4 Nf6 6. Nf3 O-O 7. Bd3 e6 8. O-O exd5 9. exd5 a6 10. h3 Qc7 11. Bf4 Nbd7 12. Qd2 Ne8 13. Rae1 Ne5 14. Nxe5 dxe5 15. Bh2 Nd6 16. f4 e4 17. Nxe4 Nxe4 18. Bxe4 f5 19. Bd3 b5 20. cxb5 c4 21. Be2 axb5 22. a3 c3 23. bxc3 Bxc3 24. Qd3 Bxe1 25. Rxe1 Qc5+ 26. Kh1 Rxa3 27. Bg1 Qb4 28. Qd1 Re8 29. Rf1 Bb7 30. Bf3 Qd6 31. Bd4 Rxf3 32. Qxf3 Bxd5 33. Qf2 Qa3 34. Kh2 Qd3 35. Be5 Qe4 36. Re1 Qb4 37. Ra1 Qe4 38. Re1 Qb4 39. Rd1 Qe4 40. Ba1 Re7 41. Bf6 Rc7 42. Rd2 b4 43. Re2 Qc4 44. Be5 Re7 45. Rc2 Qe4 46. Rc8+ Kf7 47. Bd6 Rd7 48. Rf8+ Kg7 49. Qb2+ Kh6 50. Be5 Qe1 51. Re8 Be4 52. Bf6 Rd3 53. Bg7+ Kh5 54. g4+ 1-0

[Event "4NCL 2nd Div 2023-24"]
[Site "Daventry"]
[Date "2024.05.05"]
[Round "10.22"]
[White "Banerjee, Supratit"]
[Black "Frostick, Clive A"]
[Result "1/2-1/2"]
[ECO "B22"]
[WhiteElo "2139"]
[BlackElo "2130"]
[Annotator "NA RC"]
[PlyCount "47"]
[EventDate "2023.11.11"]
[EventType "team-tourn"]
[EventCountry "ENG"]
[SourceTitle "playchess.com"]
[Source "ChessBase"]
[SourceQuality "1"]
[TimeControl "40/6000+30:3000+30"]

1. e4 c5 2. c3 Nf6 3. e5 Nd5 4. d4 cxd4 5. cxd4 Nc6 6. Nf3 d6 7. Bc4 dxe5 8. dxe5 Ndb4 9. Qxd8+ Nxd8 10. Na3 Be6 11. Bb5+ Nbc6 12. O-O g6 13. Nd4 Bd7 14. Nxc6 Nxc6 15. Re1 Bg7 16. Bd2 O-O 17. Bc3 Be6 18. Nc2 Rfd8 19. Bxc6 bxc6 20. Nd4 Bd5 21. Nb3 e6 22. Na5 Rab8 23. Rad1 Rdc8 24. b3 1/2-1/2

[Event "4NCL 2nd Div 2023-24"]
[Site "Daventry"]
[Date "2024.05.05"]
[Round "10.23"]
[White "Farrand, Tom"]
[Black "Duggan, John E"]
[Result "1-0"]
[ECO "A29"]
[WhiteElo "2079"]
[BlackElo "2044"]
[Annotator "RC"]
[PlyCount "107"]
[EventDate "2023.11.11"]
[EventType "team-tourn"]
[EventCountry "ENG"]
[SourceTitle "playchess.com"]
[Source "ChessBase"]
[SourceQuality "1"]
[TimeControl "40/6000+30:3000+30"]

1. c4 Nf6 2. g3 e5 3. Bg2 d5 4. cxd5 Nxd5 5. Nc3 Nb6 6. Nf3 Nc6 7. O-O Be7 8. d3 O-O 9. a3 Be6 10. b4 a6 11. Bb2 f6 12. Rc1 Qd7 13. Ne4 Nd8 14. Qc2 c6 15. Rfd1 Bd5 16. Nc5 Qc8 17. e4 Bf7 18. Na4 Nxa4 19. Qxa4 Ne6 20. d4 Nxd4 21. Nxd4 exd4 22. Bxd4 Qc7 23. Qc2 Rfd8 24. Qc3 Bh5 25. Re1 Bd6 26. Qe3 Re8 27. f3 Qf7 28. Bf1 Qe7 29. Rcd1 Rad8 30. Bb6 Bc7 31. Bc4+ Bf7 32. Bc5 Bd6 33. Bxf7+ Kxf7 34. Bb6 Rd7 35. Kg2 Qe6 36. Rd2 Bc7 37. Bxc7 Rxc7 38. Red1 Ree7 39. Rd6 Qc4 40. R6d4 Qe6 41. Rd6 Qc4 42. R1d4 Qa2+ 43. Rd2 Qc4 44. Qf4 Qb5 45. Qe3 Qc4 46. R6d4 Qe6 47. Qd3 g5 48. e5 f5 49. f4 gxf4 50. gxf4 Qg6+ 51. Kh1 c5 52. Rd6 Re6 53. Rg2 c4 54. Rxg6 1-0

[Event "4NCL 2nd Div 2023-24"]
[Site "Daventry"]
[Date "2024.05.05"]
[Round "10.24"]
[White "Jaufarally, Nadia"]
[Black "Frostick, Helen M"]
[Result "1-0"]
[ECO "B30"]
[WhiteElo "1914"]
[BlackElo "1904"]
[Annotator "NA RC"]
[PlyCount "75"]
[EventDate "2023.11.11"]
[EventType "team-tourn"]
[EventCountry "ENG"]
[SourceTitle "playchess.com"]
[Source "ChessBase"]
[SourceQuality "1"]
[TimeControl "40/6000+30:3000+30"]

1. e4 c5 2. Nf3 Nc6 3. Bb5 a6 4. Bxc6 bxc6 5. O-O e6 6. Re1 d5 7. exd5 cxd5 8. d4 Nf6 9. Nc3 Be7 10. Ne5 Bb7 11. Be3 cxd4 12. Bxd4 O-O 13. Qd3 Nd7 14. Nxd7 Qxd7 15. Re3 Qc6 16. Rh3 g6 17. Rxh7 e5 18. Bxe5 Bf6 19. Bxf6 Qxf6 20. Rh3 Rad8 21. Rd1 Rfe8 22. Rf3 Qe7 23. Re3 Qg5 24. Qd4 Rxe3 25. Qxe3 Qf5 26. Qd3 Qf6 27. Qd4 Qf5 28. Re1 Qxc2 29. Qb6 Rd7 30. Qf6 Kh7 31. h3 Qf5 32. Qh4+ Qh5 33. Qd4 Qf5 34. Re8 f6 35. Qh4+ Qh5 36. Qxf6 Rg7 37. Qf8 g5 38. Qh8+ 1-0

[Event "4NCL 2nd Div 2023-24"]
[Site "Daventry"]
[Date "2024.05.05"]
[Round "10.25"]
[White "Atako, Chino C"]
[Black "Kanellopoulos, Panayotis"]
[Result "1/2-1/2"]
[ECO "B92"]
[WhiteElo "2007"]
[BlackElo "2243"]
[Annotator "RC"]
[PlyCount "84"]
[EventDate "2023.11.11"]
[EventType "team-tourn"]
[EventCountry "ENG"]
[SourceTitle "playchess.com"]
[Source "ChessBase"]
[SourceQuality "1"]
[TimeControl "40/6000+30:3000+30"]

1. e4 c5 2. Nf3 d6 3. d4 cxd4 4. Nxd4 Nf6 5. Nc3 a6 6. Be2 e5 7. Nb3 Be7 8. Be3 Be6 9. O-O Nbd7 10. f4 Rc8 11. f5 Bc4 12. Bxc4 Rxc4 13. Qf3 b5 14. a3 Qa8 15. Nd2 Rc7 16. Rfe1 h5 17. Kh1 O-O 18. Nf1 Rc4 19. Bg5 Bd8 20. Ne3 Rd4 21. Ne2 Rd2 22. Nc3 Ng4 23. Nxg4 Bxg5 24. Ne3 Bxe3 25. Rxe3 Nf6 26. Re2 Rd4 27. h3 Re8 28. Rae1 Qc6 29. Nd1 d5 30. exd5 Qxd5 31. Qxd5 Rxd5 32. Nf2 Kf8 33. Kg1 Rc8 34. c3 Nd7 35. Ne4 f6 36. Ng3 h4 37. Ne4 Rc4 38. Nd2 Rf4 39. Rf1 Rxf1+ 40. Kxf1 e4 41. Nxe4 Rxf5+ 42. Ke1 Re5 1/2-1/2

[Event "4NCL 2nd Div 2023-24"]
[Site "Daventry"]
[Date "2024.05.05"]
[Round "10.26"]
[White "Player, Edmund C"]
[Black "Lee, Richard W Y"]
[Result "1-0"]
[ECO "B95"]
[WhiteElo "2159"]
[BlackElo "2117"]
[Annotator "RC"]
[PlyCount "131"]
[EventDate "2023.11.11"]
[EventType "team-tourn"]
[EventCountry "ENG"]
[SourceTitle "playchess.com"]
[Source "ChessBase"]
[SourceQuality "1"]
[TimeControl "40/6000+30:3000+30"]

1. e4 c5 2. Nf3 e6 3. Nc3 d6 4. d4 cxd4 5. Nxd4 Nf6 6. Bg5 Be7 7. Qd2 a6 8. f3 h6 9. Be3 h5 10. O-O-O Qc7 11. Nb3 Nbd7 12. a4 b6 13. Bf4 e5 14. Bg5 Bb7 15. Kb1 O-O 16. Nc1 Rfd8 17. N1a2 d5 18. exd5 Bxd5 19. Nxd5 Nxd5 20. Bxe7 Nxe7 21. Qc3 Nc5 22. Bc4 a5 23. Rhe1 Rxd1+ 24. Rxd1 Rc8 25. Bb5 Nf5 26. Qd2 Nd4 27. Nc3 Qe7 28. Nd5 Qd6 29. Ne3 Rd8 30. Nc4 Qc7 31. Qg5 Nxa4 32. Qxe5 Qxe5 33. Nxe5 Nc5 34. Nc4 Nce6 35. Ba6 Ra8 36. Bb7 Ra7 37. Bd5 b5 38. Ne5 b4 39. Rd2 Kf8 40. c3 bxc3 41. bxc3 Nb5 42. Bxe6 Nxc3+ 43. Kc2 Rc7 44. Rd8+ Ke7 45. Rd7+ Rxd7 46. Bxd7 Nd5 47. Bb5 Ne3+ 48. Kd3 Nxg2 49. Nc6+ Kf6 50. Nxa5 Kg5 51. Ke2 Kh4 52. Kf2 Nf4 53. Nc6 Kh3 54. Kg1 g5 55. Ne5 f6 56. Nd3 Ne2+ 57. Kh1 Nd4 58. Bd7+ f5 59. Nf2+ Kh4 60. Kg2 Nc2 61. Nd3 Nd4 62. Ne5 Nxf3 63. Nxf3+ Kg4 64. Nd4 Kf4 65. Nxf5 Kg4 66. Ng7+ 1-0

[Event "4NCL 2nd Div 2023-24"]
[Site "Daventry"]
[Date "2024.05.05"]
[Round "10.27"]
[White "Webster, Peter A N"]
[Black "Lewis, Andrew P"]
[Result "0-1"]
[ECO "B22"]
[WhiteElo "1939"]
[BlackElo "2252"]
[Annotator "RC"]
[PlyCount "154"]
[EventDate "2023.11.11"]
[EventType "team-tourn"]
[EventCountry "ENG"]
[SourceTitle "playchess.com"]
[Source "ChessBase"]
[SourceQuality "1"]
[TimeControl "40/6000+30:3000+30"]

1. e4 c5 2. c3 Nf6 3. e5 Nd5 4. d4 cxd4 5. Nf3 e6 6. cxd4 b6 7. Nc3 Nxc3 8. bxc3 Qc7 9. Bd2 Bb7 10. Bd3 d6 11. O-O Nd7 12. Ng5 dxe5 13. Qh5 g6 14. Qh3 Be7 15. f4 Bxg5 16. fxg5 O-O 17. Rae1 Rad8 18. Be4 Bd5 19. Rf3 Nc5 20. Bxd5 Rxd5 21. c4 Rxd4 22. Bc3 Qd6 23. Bxd4 Qxd4+ 24. Rfe3 e4 25. Qg4 Qxc4 26. Qe2 Qd5 27. h4 Rd8 28. Rf1 Qd4 29. Qf2 Rd7 30. Re2 Qe5 31. Qf4 Qxf4 32. Rxf4 h6 33. gxh6 Kh7 34. g4 f5 35. g5 e5 36. Rf1 f4 37. Rfe1 e3 38. Rc2 e4 39. Kf1 Rd3 40. h5 f3 41. hxg6+ Kxg6 42. Rh2 e2+ 43. Kf2 Rd7 44. Ke3 Nd3 45. Rexe2 fxe2 46. Rxe2 Nc5 47. Rh2 Rd3+ 48. Kf4 Rf3+ 49. Kg4 Rf7 50. Rd2 Nd3 51. Re2 Rf4+ 52. Kg3 Kxg5 53. h7 Rg4+ 54. Kh2 Rh4+ 55. Kg3 Rxh7 56. Rxe4 Kf5 57. Rd4 Ne5 58. Ra4 a5 59. Kg2 Rc7 60. Kf1 Rc4 61. Ra3 a4 62. Ke2 b5 63. Kd1 Rh4 64. Kc1 Rh2 65. Kb1 Ke4 66. Rc3 Kd4 67. Rc8 b4 68. Rc1 Nd3 69. Rd1 Rb2+ 70. Ka1 Re2 71. Kb1 Re1 72. Rxe1 Nxe1 73. Kb2 Kc4 74. Kb1 Kc3 75. Ka1 b3 76. axb3 axb3 77. Kb1 b2 0-1

[Event "4NCL 2nd Div 2023-24"]
[Site "Daventry"]
[Date "2024.05.05"]
[Round "10.28"]
[White "Talsma, Paul"]
[Black "Camp, Imogen A L"]
[Result "1/2-1/2"]
[ECO "D63"]
[WhiteElo "2073"]
[BlackElo "1899"]
[Annotator "RC"]
[PlyCount "114"]
[EventDate "2023.11.11"]
[EventType "team-tourn"]
[EventCountry "ENG"]
[SourceTitle "playchess.com"]
[Source "ChessBase"]
[SourceQuality "1"]
[TimeControl "40/6000+30:3000+30"]

1. d4 d5 2. c4 e6 3. Nc3 Nf6 4. Bg5 Be7 5. e3 O-O 6. Rc1 Nbd7 7. Nf3 c6 8. a3 h6 9. Bh4 Re8 10. Bd3 dxc4 11. Bxc4 c5 12. O-O a6 13. Ba2 b5 14. d5 Nf8 15. e4 Nxd5 16. Bxd5 exd5 17. Bxe7 Rxe7 18. exd5 Bb7 19. Qd2 Qd6 20. Rfe1 Rae8 21. Rxe7 Rxe7 22. Re1 Rxe1+ 23. Nxe1 Nd7 24. Nc2 b4 25. axb4 cxb4 26. Ne2 a5 27. Ne3 Nb6 28. Ng3 Nxd5 29. Ngf5 Qe5 30. h3 Nxe3 31. Nxe3 Qe4 32. Qd8+ Kh7 33. Qxa5 Qb1+ 34. Kh2 Qxb2 35. Qc7 Qxf2 36. Qxb7 Qxe3 37. Qxb4 Qf2 38. Qe4+ g6 39. Qd3 h5 40. Qe4 h4 41. Qe7 Kh6 42. Kh1 Qf1+ 43. Kh2 Qf4+ 44. Kh1 g5 45. Qd8 Kg6 46. Qg8+ Kf6 47. Qd8+ Ke5 48. Qb8+ Ke4 49. Qb4+ Ke3 50. Qe1+ Kd3 51. Qd1+ Kc3 52. Qe1+ Kc2 53. Qe2+ Kb1 54. Qe7 f5 55. Qd8 Kc2 56. Kg1 Kc3 57. Kh1 Qf1+ 1/2-1/2

[Event "4NCL 2nd Div 2023-24"]
[Site "Daventry"]
[Date "2024.05.05"]
[Round "10.29"]
[White "Watson, Jacob"]
[Black "Samarakoon, Vivash Ransara"]
[Result "0-1"]
[ECO "B06"]
[WhiteElo "1902"]
[BlackElo "1980"]
[Annotator "NA RC"]
[PlyCount "98"]
[EventDate "2023.11.11"]
[EventType "team-tourn"]
[EventCountry "ENG"]
[SourceTitle "playchess.com"]
[Source "ChessBase"]
[SourceQuality "1"]
[TimeControl "40/6000+30:3000+30"]

1. e4 g6 2. d4 Bg7 3. Nf3 d6 4. Bc4 Nf6 5. Qe2 O-O 6. O-O Bg4 7. Nbd2 Nc6 8. c3 e5 9. d5 Ne7 10. h3 Bd7 11. Rd1 Nh5 12. Nf1 Qc8 13. Bb5 h6 14. Bxd7 Qxd7 15. N3h2 f5 16. exf5 Rxf5 17. Ng4 Kh7 18. Qd2 Raf8 19. f3 Nf4 20. Ng3 h5 21. Nxf5 Nxf5 22. Qf2 hxg4 23. hxg4 Nh6 24. Qh4 g5 25. Qe1 Bf6 26. Be3 Kg7 27. g3 Ng6 28. Bf2 Nxg4 29. fxg4 Qxg4 30. Kf1 Bd8 31. Rd3 e4 32. Re3 Ne5 33. Rxe4 Qh3+ 34. Ke2 Qg2 35. Rxe5 dxe5 36. Qg1 Qe4+ 37. Be3 Qxd5 38. Rd1 Qb5+ 39. Ke1 Qxb2 40. Rd7+ Kg6 41. Qh1 Qa1+ 42. Rd1 Qxc3+ 43. Ke2 Qc4+ 44. Ke1 Be7 45. Qg2 Bb4+ 46. Bd2 Qd3 47. Bxb4 Qe3+ 48. Qe2 Qxg3+ 49. Kd2 Rf2 0-1

[Event "4NCL 2nd Div 2023-24"]
[Site "Daventry"]
[Date "2024.05.05"]
[Round "10.30"]
[White "Walker, Martin G"]
[Black "Lim, Mark"]
[Result "1-0"]
[ECO "C65"]
[WhiteElo "2033"]
[BlackElo "2265"]
[Annotator "RC"]
[PlyCount "113"]
[EventDate "2023.11.11"]
[EventType "team-tourn"]
[EventCountry "ENG"]
[SourceTitle "playchess.com"]
[Source "ChessBase"]
[SourceQuality "1"]
[TimeControl "40/6000+30:3000+30"]

1. e4 e5 2. Nf3 Nc6 3. Bb5 Nf6 4. d3 Bc5 5. O-O O-O 6. Bxc6 bxc6 7. Nxe5 d5 8. d4 Bb6 9. exd5 Qxd5 10. Be3 Ba6 11. Re1 Ba5 12. c3 c5 13. Qf3 Rfe8 14. Nd2 cxd4 15. Bxd4 Qb5 16. Ndc4 Bb7 17. a4 Qa6 18. Qg3 c5 19. Bxc5 Ne4 20. Rxe4 Bxe4 21. Nd6 f6 22. Ng4 Bg6 23. Nxe8 Rxe8 24. Ne3 Qb7 25. b4 Bc7 26. Bd6 Bb6 27. a5 Bxe3 28. fxe3 Qe4 29. Bc5 Re5 30. Rd1 h6 31. h4 Qc2 32. Rd4 h5 33. Kh2 Kh7 34. Rf4 Rd5 35. Bd4 a6 36. Qf3 Rd6 37. Qb7 Re6 38. Bxf6 Rxf6 39. Rxf6 Be4 40. Rf2 Qd3 41. Qe7 Bd5 42. Qe5 Qc4 43. Qxh5+ Kg8 44. Qe8+ Kh7 45. Qh5+ Kg8 46. Rf5 Qc7+ 47. Kh1 Bxg2+ 48. Kxg2 Qc6+ 49. Qf3 Qg6+ 50. Kh1 Qh6 51. Rf8+ Kh7 52. Qf5+ g6 53. Qd7+ Qg7 54. Rf7 g5 55. Rxg7+ Kh6 56. Rh7+ Kg6 57. Qf7# 1-0

[Event "4NCL 2nd Div 2023-24"]
[Site "Daventry"]
[Date "2024.05.05"]
[Round "10.31"]
[White "Phillips, William"]
[Black "Myall, Ivan J"]
[Result "1-0"]
[ECO "D44"]
[WhiteElo "1873"]
[BlackElo "1932"]
[Annotator "NA RC"]
[PlyCount "73"]
[EventDate "2023.11.11"]
[EventType "team-tourn"]
[EventCountry "ENG"]
[SourceTitle "playchess.com"]
[Source "ChessBase"]
[SourceQuality "1"]
[TimeControl "40/6000+30:3000+30"]

1. d4 d5 2. Nf3 Nf6 3. c4 c6 4. Nc3 e6 5. Bg5 dxc4 6. e4 b5 7. e5 h6 8. Bxf6 gxf6 9. Be2 f5 10. a4 b4 11. Nb1 Rg8 12. g3 Qd5 13. Qc2 Ba6 14. Nbd2 c3 15. bxc3 Bxe2 16. Kxe2 Na6 17. c4 Qd7 18. c5 Rg4 19. Rhd1 Nc7 20. h3 Rg8 21. Nc4 Nd5 22. Rd3 Be7 23. Nd6+ Kf8 24. Rg1 h5 25. Qd2 Rg6 26. Kf1 Kg7 27. Nh4 Bxh4 28. gxh4 Qe7 29. Rdg3 Qxh4 30. Nxf7 Rxg3 31. Qh6+ Kxf7 32. Rxg3 Rf8 33. Rg7+ Ke8 34. Qxe6+ Ne7 35. Qd6 Rf7 36. Qb8+ Kd7 37. e6+ 1-0

[Event "4NCL 2nd Div 2023-24"]
[Site "Daventry"]
[Date "2024.05.06"]
[Round "11.1"]
[White "Wall, Gavin"]
[Black "McClement, Andrew"]
[Result "1/2-1/2"]
[ECO "A45"]
[WhiteElo "2281"]
[BlackElo "2185"]
[Annotator "TA"]
[PlyCount "55"]
[EventDate "2023.11.11"]
[EventType "team-tourn"]
[EventCountry "ENG"]
[SourceTitle "playchess.com"]
[Source "ChessBase"]
[SourceQuality "1"]
[TimeControl "40/6000+30:3000+30"]

1. d4 Nf6 2. Bg5 e6 3. e4 h6 4. Bxf6 Qxf6 5. Nc3 Bb4 6. Qd2 {[%emt 0:02:48] [#]} d5 $1 7. e5 (7. Nge2 dxe4) 7... Qd8 8. Nge2 b6 9. Nf4 O-O (9... Be7 $15) 10. a3 (10. h4 $1 $11) 10... Be7 $15 11. Nd1 c5 12. c3 Ba6 (12... Bg5 $17 {...cxd4 is the strong threat.} 13. h4 Bxh4) 13. Bxa6 $11 Nxa6 14. Ne3 Rc8 15. Qe2 Nb8 16. Qg4 Nc6 17. Rd1 cxd4 18. cxd4 Na5 19. h4 {[%emt 0:15:09] Nh5 would now be deadly.} Nc4 20. Nxc4 Rxc4 21. Rh3 {[%emt 0:08:01] [#] And now Rg3 would win.} Kh8 22. Rg3 Rg8 23. h5 Rc2 24. Nd3 b5 25. Rf3 Rf8 26. Rg3 Rg8 27. Rf3 Rf8 28. Rg3 {[%emt 0:03:05] Weighted Error Value: White=0.11 (very precise) /Black=0.13 (very precise) .  Mistake:       	White=1     	Black=2      Inaccurate:     	White=2     	Black=1      OK:         	White=5     	Black=9      Best:        	White=1     	Black=1} 1/2-1/2

[Event "4NCL 2nd Div 2023-24"]
[Site "Daventry"]
[Date "2024.05.06"]
[Round "11.2"]
[White "Gallagher, Daniel GH"]
[Black "Delaney, Killian"]
[Result "1/2-1/2"]
[ECO "B11"]
[WhiteElo "2234"]
[BlackElo "2271"]
[Annotator "RC"]
[PlyCount "105"]
[EventDate "2023.11.11"]
[EventType "team-tourn"]
[EventCountry "ENG"]
[SourceTitle "playchess.com"]
[Source "ChessBase"]
[SourceQuality "1"]
[TimeControl "40/6000+30:3000+30"]

1. e4 c6 2. Nf3 d5 3. Nc3 Bg4 4. h3 Bxf3 5. Qxf3 e6 6. g3 Nf6 7. Bg2 dxe4 8. Nxe4 Nxe4 9. Qxe4 Qd5 10. d3 Nd7 11. Kf1 Nf6 12. Qe2 Qd7 13. Bd2 Be7 14. h4 h5 15. Bf3 g6 16. Bc3 Rg8 17. Kg2 Nd5 18. Be5 f6 19. Bc3 O-O-O 20. Ba5 Rde8 21. c4 Nc7 22. Qe3 Kb8 23. b4 e5 24. b5 cxb5 25. Rab1 Qd4 26. Qe2 b6 27. Bc3 Qxc3 28. Qe4 Kc8 29. Qb7+ Kd7 30. Rxb5 Bd6 31. Rd5 e4 32. dxe4 Qxc4 33. Rhd1 Re6 34. R5d4 Qc5 35. Rd5 Qc4 36. R5d4 Qc5 37. Rd5 Qc6 38. Qxc6+ Kxc6 39. e5 Nxd5 40. Bxd5+ Kd7 41. Bxe6+ Kxe6 42. Rxd6+ Kxe5 43. Rd7 Ra8 44. Rg7 b5 45. Rxg6 b4 46. g4 a5 47. gxh5 a4 48. h6 b3 49. axb3 axb3 50. Rg3 Rb8 51. h7 b2 52. h8=Q Rxh8 53. Rb3 1/2-1/2